[Event "*** Titled Tuesday Blitz"]
[Site "Chess.com"]
[Date "2020.04.14"]
[Round "7"]
[White "ZiggyStardust64"]
[Black "MartinMatthiesen"]
[Result "1-0"]
[WhiteElo "2601"]
[BlackElo "2422"]
[TimeControl "180+1"]
[EndTime "11:12:16 PDT"]
[Termination "ZiggyStardust64 won by resignation"]

1. e4 c5 2. Nf3 d6 3. d4 cxd4 4. Nxd4 Nf6 5. Nc3 a6 6. h4 e5 7.
Nb3 Be7 8. Be2 O-O 9. g4 Be6 10. g5 Nfd7 11. Be3 Nc6 12. Nd5 f5 13. f3 Rc8 14. Qd2 Bxd5 15. exd5 Ncb8 16. f4 exf4 17. Bxf4 Ne5 18. Nd4 Qb6 19. O-O-O Nbd7 20. Ne6 Rf7 21. g6 hxg6 22. h5 g5 23. Bxg5 Nc5 24. Bxe7 Rxe7 25.
h6 Na4 26. Qd4 Qxd4 27. Rxd4 g6 28. Rxa4 1-0

[Event "*** Titled Tuesday Blitz"]
[Site "Chess.com"]
[Date "2020.04.14"]
[Round "7"]
[White "Zaven_ChessMood"]
[Black "Grischuk"]
[Result "1/2-1/2"]
[WhiteElo "2919"]
[BlackElo "3091"]
[TimeControl "180+1"]
[EndTime "11:12:17 PDT"]
[Termination "Game drawn by agreement"]

1. e4 c5 2. Nc3 Nc6 3. Bb5 Nd4 4. Nf3 g6 5. Nxd4 cxd4 6. Ne2 Nf6 7. Bd3 d5 8. e5 Ng4 9. f4 Qb6 10. O-O Bf5 11. h3 Nh6 12. b3 Bxd3 13. cxd3 Nf5 14.
g4 Ng7 15. Bb2 Ne6 16. Rc1 h5 17. Qe1 hxg4 18. hxg4 Rh3 19. Kg2 Rxd3 20. Rh1 Bg7 21. Rc2 g5 22. fxg5 Bxe5 23. Qf2 Qa5 24. Qf5 Rxd2 25. Rxd2 Qxd2 26. Qxe5 Nf4+ 27. Qxf4 Qxe2+ 28. Qf2 Qxg4+ 29. Qg3 Qe2+ 30. Qf2 Qg4+ 31. Qg3 Qe2+ 32.
Qf2 1/2-1/2

[Event "*** Titled Tuesday Blitz"]
[Site "Chess.com"]
[Date "2020.04.14"]
[Round "7"]
[White "TigrVShlyape"]
[Black "Jadro9"]
[Result "1-0"]
[WhiteElo "2865"]
[BlackElo "2706"]
[TimeControl "180+1"]
[EndTime "11:12:17 PDT"]
[Termination "TigrVShlyape won by resignation"]

1. d4 d5 2. Nf3 Nf6 3. Bf4 c5 4. e3 Nc6 5. Nbd2 cxd4 6. exd4 Bf5 7. c3 e6 8. Be2 Bd6 9. Bxd6 Qxd6 10. O-O O-O 11. Re1 Rab8 12. a4 h6 13. Qb3 Qc7 14. Bf1 a6 15. Ne5 Nd7 16. Nxd7 Qxd7 17. a5 Qc7 18. Qa3 Rfd8 19. Nb3 Kh8 20. Nc5 e5 21. dxe5 Nxe5 22. Rad1 Rbc8 23. b4 Ng4 24. g3 Nf6 25. c4 dxc4 26. Bxc4 Bg4 27. Rxd8+ Rxd8 28. Bf1 Nd7 29.
Bg2 Nxc5 30. bxc5 Be6 31. Qb4 Bd5 32. Bxd5 1-0

[Event "*** Titled Tuesday Blitz"]
[Site "Chess.com"]
[Date "2020.04.14"]
[Round "7"]
[White "flomarechot"]
[Black "Nikolaj_6"]
[Result "0-1"]
[WhiteElo "2168"]
[BlackElo "2570"]
[TimeControl "180+1"]
[EndTime "11:12:17 PDT"]
[Termination "Nikolaj_6 won on time"]

1. d4 Nf6 2. c4 c5 3. d5 e6 4. Nc3 exd5 5. cxd5 d6 6. Bg5 a6 7. e4 Nbd7 8. Qc2 Be7 9. Bd3 b5 10. Be3 O-O 11. Nge2 c4 12. O-O cxd3 13. Qxd3 Ne5 14.
Qc2 Nc4 15. Bc1 Re8 16. b3 Ne5 17. f3 Bf8 18. Be3 Ng6 19. Ng3 b4 20. Nce2 Nxd5 21. Bd4 Ndf4 22. Rad1 Nxe2+ 23. Nxe2 a5 24. Bf2 Ba6 25. Nd4 Bxf1 26. Rxf1 Qd7 27. Qd3 d5 28. Nf5 Rad8 29. Qe3 dxe4 30. fxe4 Ne5 31. Qg5 g6 32. Nh6+ Bxh6 33. Qxh6 Ng4 0-1

[Event "*** Titled Tuesday Blitz"]
[Site "Chess.com"]
[Date "2020.04.14"]
[Round "7"]
[White "Trickov"]
[Black "GMMatamoros"]
[Result "0-1"]
[WhiteElo "2275"]
[BlackElo "2507"]
[TimeControl "180+1"]
[EndTime "11:12:21 PDT"]
[Termination "GMMatamoros won by resignation"]

1. d4 Nf6 2. Nf3 c5 3. c4 cxd4 4.
Nxd4 e5 5. Nb5 d5 6. cxd5 Bc5 7. N5c3 O-O 8. e3 e4 9. Be2 Qe7 10. a3 a5 11. Nd2 Rd8 12. Qc2 Bf5 13. Nb3 Bb6 14. Bd2 Nbd7 15. Na4 Rdc8 16. Bc3 Nxd5 17. Nxb6 N7xb6 18. Nd4 Bg6 19. O-O Nxc3 20. bxc3 Nc4 21. a4 Ne5 22. Rfb1 Nf3+ 23. gxf3 exf3 24. Bd3 Qg5+ 25. Kf1 Qg2+ 26. Ke1 Qg1+ 27. Kd2 Qxf2+ 28. Kc1 Qxe3+ 29. Kb2 Bxd3 30. Re1 Qxe1 31. Rxe1 Bxc2 32. Kxc2 Rc4 33. Kb3 Rac8 34. Re3 Rxc3+ 35. Rxc3 Rxc3+ 36. Kxc3 f2 0-1

[Event "*** Titled Tuesday Blitz"]
[Site "Chess.com"]
[Date "2020.04.14"]
[Round "7"]
[White "Haykoooo0o"]
[Black "floplover"]
[Result "1-0"]
[WhiteElo "2584"]
[BlackElo "2281"]
[TimeControl "180+1"]
[EndTime "11:12:23 PDT"]
[Termination "Haykoooo0o won on time"]

1. e4 c6 2. d4 d5 3. Nc3 dxe4 4.
Nxe4 Nd7 5. Nf3 Ngf6 6. Neg5 e6 7. Bc4 Nb6 8. Bb3 a5 9. c3 a4 10. Bc2 c5 11. O-O h6 12. Nh3 Nfd5 13. Re1 Bd6 14. dxc5 Bxc5 15. Nf4 Nxf4 16. Bxf4 Qxd1 17. Rexd1 Ke7 18.
Ne5 Nd5 19. Bg3 h5 20. h3 h4 21. Bh2 a3 22. b4 Ba7 23. Rd3 b5 24. Nc6+ Kf6 25.
Rf3+ Kg5 26. Rd1 f5 27. Bb3 Bb7 28. Bxd5 exd5 29. Ne7 Rhf8 30. Nxd5 Rad8 31. Rfd3 Rf7 32. Bf4+ Kh5 33. Nf6+ Rxf6 34. Rxd8 Rg6 35. Rh8+ 1-0

[Event "*** Titled Tuesday Blitz"]
[Site "Chess.com"]
[Date "2020.04.14"]
[Round "7"]
[White "Hippotaner"]
[Black "RubensCezila"]
[Result "1-0"]
[WhiteElo "2275"]
[BlackElo "2435"]
[TimeControl "180+1"]
[EndTime "11:12:23 PDT"]
[Termination "Hippotaner won by resignation"]

1. e4 c5 2. Nf3 d6 3. g3 Nf6 4.
d3 g6 5. Bg2 Bg7 6. O-O O-O 7. a4 Nc6 8. h3 a6 9. Nc3 Rb8 10. Be3 b5 11. axb5 axb5 12. e5 Nd7 13. exd6 exd6 14. Bf4 Nf6 15. Nd2 Nd4 16. Nde4 Ne8 17.
Nxc5 g5 18. Bxd6 Nxd6 19. Nd5 Ne6 20. Nxe6 Bxe6 21. c3 Nf5 22. Nb4 Rb6 23. Re1 Qd7 24. Qf3 Nh6 25. Qe3 Rd6 26. Ra7 Qc8 27. Qxg5 Bxh3 28.
Ra8 Qd7 29. Rxf8+ Kxf8 30. Bxh3 Qxh3 31. Qe7+ Kg8 32. Qxd6 Ng4 33. Qd8+ Bf8 34. Qg5+ Kh8 35. Qh4 1-0

[Event "*** Titled Tuesday Blitz"]
[Site "Chess.com"]
[Date "2020.04.14"]
[Round "7"]
[White "ErikRonka"]
[Black "chessintuit"]
[Result "1-0"]
[WhiteElo "2416"]
[BlackElo "2605"]
[TimeControl "180+1"]
[EndTime "11:12:24 PDT"]
[Termination "ErikRonka won by checkmate"]

1. e4 e5 2. Nf3 Nc6 3. Nc3 Nf6 4.
d4 exd4 5. Nxd4 Bb4 6. Nxc6 bxc6 7. Bd3 d5 8. Bd2 O-O 9. O-O Rb8 10. Re1 Bg4 11.
Qc1 Re8 12. exd5 cxd5 13. a3 Bd6 14. b4 c6 15. Rxe8+ Nxe8 16. Bf4 Qf6 17. Bxd6 Nxd6 18. Qd2 Qd4 19. Bxh7+ Kxh7 20. Qxd4 Bf5 21. Qxa7 Re8 22. h3 Bxc2 23. Qc5 Re6 24. Nxd5 Be4 25. Ne3 Nb7 26.
Qb6 Nd6 27. Rd1 f5 28. Qd8 Nf7 29. Qh4+ Rh6 30. Qf4 g5 31. Qc7 Rf6 32. Rd7 Kg7 33. Nc4 Kg8 34. Ne5 Nxe5 35. Qxe5 Rf8 36. Qg7# 1-0

[Event "*** Titled Tuesday Blitz"]
[Site "Chess.com"]
[Date "2020.04.14"]
[Round "7"]
[White "StockholmMissile"]
[Black "DinaBelenkaya"]
[Result "1-0"]
[WhiteElo "2413"]
[BlackElo "2184"]
[TimeControl "180+1"]
[EndTime "11:12:24 PDT"]
[Termination "StockholmMissile won by resignation"]

1. d4 Nf6 2. c4 c5 3. d5 e5 4. Nc3 d6 5. e4 Be7 6. g3 a6 7.
Bg2 b5 8. cxb5 axb5 9. Nxb5 Ba6 10. Nc3 Nbd7 11. Nge2 h5 12. O-O h4 13. a4 Rb8 14.
Ra3 c4 15. Nb5 Nc5 16. Nec3 Qd7 17. Qe2 Nd3 18. Be3 Ng4 19. Bh3 f5 20. exf5 Nxe3 21. fxe3 hxg3 22. Qg2 gxh2+ 23. Kh1 Bf6 24. Ne4 Bxb5 25. axb5 Qf7 26. Nxd6+ Ke7 27. Nxf7 Kxf7 28. Ra7+ Kf8 29. Qg6 1-0

[Event "*** Titled Tuesday Blitz"]
[Site "Chess.com"]
[Date "2020.04.14"]
[Round "7"]
[White "kirillshevchenko"]
[Black "JozefKneht"]
[Result "1/2-1/2"]
[WhiteElo "2848"]
[BlackElo "2605"]
[TimeControl "180+1"]
[EndTime "11:12:25 PDT"]
[Termination "Game drawn by repetition"]

1. e4 e5 2. Nf3 Nc6 3. Bb5 a6 4. Ba4 Nf6 5. O-O Nxe4 6. d4 b5 7. Bb3 d5 8. dxe5 Be6 9. Qe2 Be7 10. Rd1 O-O 11. c4 bxc4 12. Bxc4 Bc5 13. Be3 Bxe3 14.
Qxe3 Qb8 15. Bb3 Na5 16. Nd4 c5 17. Nxe6 fxe6 18. f3 c4 19. fxe4 cxb3 20. exd5 bxa2 21. Rxa2 Nc4 22. Qd4 Qb3 23. Nc3 Rac8 24. Rb1 Ne3 25. Qxe3 Rxc3 26. Qxc3 Qxa2 27. Rd1 exd5 28. Qd4 Qc4 29.
Qxd5+ Qxd5 30. Rxd5 Re8 31. Kf2 Rb8 32. e6 Rxb2+ 33. Kf3 Kf8 34. Rd7 Rb6 35. Rf7+ Kg8 36. Re7 Kf8 37. Rf7+ Kg8 38. Re7 Kf8 39. Rf7+ 1/2-1/2

[Event "*** Titled Tuesday Blitz"]
[Site "Chess.com"]
[Date "2020.04.14"]
[Round "7"]
[White "adiosabu"]
[Black "ChessQueen"]
[Result "1-0"]
[WhiteElo "2570"]
[BlackElo "2796"]
[TimeControl "180+1"]
[EndTime "11:12:26 PDT"]
[Termination "adiosabu won by resignation"]

1. e4 e5 2. Nf3 Nf6 3. Nxe5 d6 4. Nf3 Nxe4 5. d4 d5 6. Bd3 Bd6 7. Nc3 Nxc3 8. bxc3 O-O 9. O-O Bg4 10. h3 Bh5 11. Rb1 b6 12. c4 dxc4 13. Bxc4 Nd7 14. Bd5 Rb8 15. Bc6 Kh8 16. Rb5 Bg6 17. c4 a6 18. Rb3 Bh5 19. Re1 f5 20. c5 bxc5 21.
Bxd7 Rxb3 22. axb3 Qxd7 23. dxc5 Bxf3 24. gxf3 Rf6 25.
cxd6 Rxd6 26. Qe2 h6 27. Qe8+ Kh7 28. Qxd7 Rxd7 29. Bf4 Rd3 30. Re3 Rd1+ 31. Kg2 c5 32. Rc3 Rb1 33. Bd6 1-0

[Event "*** Titled Tuesday Blitz"]
[Site "Chess.com"]
[Date "2020.04.14"]
[Round "7"]
[White "biesiadnik"]
[Black "Larax"]
[Result "1-0"]
[WhiteElo "2599"]
[BlackElo "2401"]
[TimeControl "180+1"]
[EndTime "11:12:27 PDT"]
[Termination "biesiadnik won by resignation"]

1. e4 c5 2. Nf3 e6 3. c3 Nf6 4. e5 Nd5 5. d4 cxd4 6. cxd4 d6 7.
Bc4 Nb6 8. Bd3 Nc6 9. O-O Bd7 10.
Qe2 Nb4 11. Bb5 a6 12. Bxd7+ Qxd7 13. Nc3 Rc8 14. Rd1 Be7 15. Bg5 Bxg5 16. Nxg5 d5 17.
a3 Nc6 18. Rd3 h6 19. Qh5 O-O 20. h4 Ne7 21. Nh3 Ng6 22. Qg4 Na4 23. Nxa4 Qxa4 24. b3 Qb5 25. Rg3 h5 26. Qxh5 1-0

[Event "*** Titled Tuesday Blitz"]
[Site "Chess.com"]
[Date "2020.04.14"]
[Round "7"]
[White "Arencibia"]
[Black "Misticpikachu"]
[Result "1-0"]
[WhiteElo "2484"]
[BlackElo "2299"]
[TimeControl "180+1"]
[EndTime "11:12:28 PDT"]
[Termination "Arencibia won by checkmate"]

1. d4 d5 2. c4 e6 3. Nc3 Nf6 4.
cxd5 exd5 5. Bg5 Be7 6. e3 O-O 7. Bd3 c6 8. Nge2 Nbd7 9. O-O Re8 10. Qc2 Nf8 11. Rae1 g6 12. f3 Ne6 13. Bh4 b5 14.
Kh1 a5 15. Bf2 Qb6 16. e4 Bd7 17. e5 Nh5 18. Be3 Nc7 19. f4 c5 20. dxc5 Bxc5 21. Na4 bxa4 22. Bxc5 Qc6 23. Nd4 Qb7 24. f5 Nb5 25. e6 Nxd4 26. Bxd4 fxe6 27. fxg6 hxg6 28. Ba6 Kh7 29. Rf7+ Kh6 30. Be3+ g5 31. Qh7# 1-0

[Event "*** Titled Tuesday Blitz"]
[Site "Chess.com"]
[Date "2020.04.14"]
[Round "7"]
[White "Medvezhlo"]
[Black "Rogue_King"]
[Result "1-0"]
[WhiteElo "2443"]
[BlackElo "2257"]
[TimeControl "180+1"]
[EndTime "11:12:32 PDT"]
[Termination "Medvezhlo won by resignation"]

1. d4 Nf6 2. c4 g6 3. Nc3 Bg7 4. e4 O-O 5. Be2 d6 6. Bg5 h6 7.
Be3 e5 8. d5 Na6 9. h4 Nc5 10.
f3 a5 11. h5 Nxh5 12. Rxh5 gxh5 13. Qc2 f5 14. O-O-O f4 15. Bf2 a4 16. Bf1 Bd7 17. Nge2 Qg5 18. Kb1 Rfb8 19. Nc1 b5 20.
cxb5 Ra5 21. Bxc5 dxc5 22. d6 cxd6 23. Rxd6 Be8 24. b6 Bf7 25. Nxa4 Bf8 26. Rc6 Qd8 27. Bc4 Qd4 28. Bxf7+ Kxf7 29. Nc3 c4 30. Nd5 Bc5 31. Ne2 Qf2 32. Qxc4 Qf1+ 33. Kc2 Be3 34.
Nxe3+ 1-0

[Event "*** Titled Tuesday Blitz"]
[Site "Chess.com"]
[Date "2020.04.14"]
[Round "7"]
[White "codapbg94"]
[Black "NDePinEsPeRG"]
[Result "0-1"]
[WhiteElo "2052"]
[BlackElo "2892"]
[TimeControl "180+1"]
[EndTime "11:12:35 PDT"]
[Termination "NDePinEsPeRG won by resignation"]

1. e4 c5 2. Nf3 e6 3. g3 Nc6 4. Bg2 Nf6 5. Qe2 e5 6. c3 Be7 7.
O-O O-O 8. Rd1 d5 9. exd5 Nxd5 10. d3 Bg4 11. h3 Bh5 12. Nbd2 Re8 13. Nc4 f6 14. a4 Bf8 15. Qc2 Bf7 16. Ne3 Rc8 17.
Nxd5 Bxd5 18. Be3 b6 19. Qe2 Bb3 20. Rd2 Qd7 21. Nh4 Ne7 22. Qg4 f5 23. Qe2 Bxa4 24.
Bg5 Bc6 25. Qxe5 Bxg2 26. Nxg2 Ng6 0-1

[Event "*** Titled Tuesday Blitz"]
[Site "Chess.com"]
[Date "2020.04.14"]
[Round "7"]
[White "Micki-taryan"]
[Black "Chesswizard_2007"]
[Result "1-0"]
[WhiteElo "3091"]
[BlackElo "2614"]
[TimeControl "180+1"]
[EndTime "11:12:37 PDT"]
[Termination "Micki-taryan won by checkmate"]

1. d4 d5 2. Nf3 Nf6 3. c4 c6 4. Nc3 e6 5. Bg5 Nbd7 6. e3 h6 7.
Bh4 Be7 8. cxd5 exd5 9. Bd3 O-O 10. Qc2 Re8 11. h3 Ne4 12. Bxe7 Qxe7 13. O-O-O b5 14. Kb1 Nb6 15. Ne5 Bb7 16. Nxe4 dxe4 17. Bxe4 Rac8 18. f4 c5 19. Bxb7 Qxb7 20. dxc5 Nd5 21. c6 Nxe3 22. cxb7 Rxc2 23. Rde1 Rxg2 24. Rxe3 Rb8 25. Nd7 Rxb7 26. Re8+ Kh7 27. Nf8+ Kg8 28. f5 g5 29. fxg6 fxg6 30. Rf1 Kg7 31. Ne6+ Kh7 32. a3 b4 33. axb4 a5 34. b5 a4 35.
h4 g5 36. h5 g4 37. Rff8 Rg1+ 38. Ka2 Ra1+ 39. Kxa1 Rf7 40. Rh8# 1-0

[Event "*** Titled Tuesday Blitz"]
[Site "Chess.com"]
[Date "2020.04.14"]
[Round "7"]
[White "suyu28"]
[Black "Witik"]
[Result "1-0"]
[WhiteElo "2557"]
[BlackElo "2702"]
[TimeControl "180+1"]
[EndTime "11:12:38 PDT"]
[Termination "suyu28 won by resignation"]

1. d4 g6 2. c4 Bg7 3. Nc3 d6 4.
g3 Nf6 5. Bg2 O-O 6. Nf3 Nc6 7.
O-O a6 8. Bf4 Rb8 9. Rc1 e6 10.
Qd2 Ne7 11. e4 Nd7 12. a4 b6 13. Rcd1 Bb7 14. Rfe1 Kh8 15. h4 Nc6 16. h5 Nxd4 17. Nxd4 e5 18. h6 Bf6 19. Be3 exd4 20. Bxd4 Bxd4 21.
Qxd4+ Qf6 22. Qd2 a5 23. f4 Nc5 24. e5 dxe5 25. Bxb7 Rxb7 26. Nd5 Qd8 27. Qc3 c6 28.
Qxe5+ f6 29. Nxf6 Nd3 30. Rxd3 1-0

[Event "*** Titled Tuesday Blitz"]
[Site "Chess.com"]
[Date "2020.04.14"]
[Round "7"]
[White "GeorgMeier"]
[Black "vugarrasulov"]
[Result "1-0"]
[WhiteElo "3043"]
[BlackElo "2745"]
[TimeControl "180+1"]
[EndTime "11:12:40 PDT"]
[Termination "GeorgMeier won by resignation"]

1. Nf3 Nf6 2. g3 g6 3. Bg2 Bg7 4. O-O O-O 5. d4 d6 6. b3 Nc6 7. Bb2 a5 8. c4 a4 9. Nc3 a3 10. Bc1 e5 11. e3 exd4 12. exd4 Bf5 13. Nb5 Ne4 14. Bxa3 Nc3 15. Nxc3 Rxa3 16. Qd2 Qd7 17. Nb5 Ra6 18. Rae1 Rfa8 19. a4 Na5 20. Qc3 c6 21. Na3 c5 22. Nb5 Nc6 23. Qe3 Nb4 24. Qd2 Bd3 25.
dxc5 Bxf1 26. Rxf1 d5 27. Qxb4 1-0

[Event "*** Titled Tuesday Blitz"]
[Site "Chess.com"]
[Date "2020.04.14"]
[Round "7"]
[White "ClassyEl"]
[Black "RATNAKARAN"]
[Result "0-1"]
[WhiteElo "2699"]
[BlackElo "2581"]
[TimeControl "180+1"]
[EndTime "11:12:40 PDT"]
[Termination "RATNAKARAN won by resignation"]

1. d4 Nf6 2. Bg5 Ne4 3. Bf4 g5 4. Bc1 h6 5. f3 Nf6 6. e4 Bg7 7.
e5 Nh7 8. f4 c5 9. dxc5 gxf4 10. Bxf4 Nc6 11. Nf3 Qa5+ 12. Nc3 Qxc5 13. Nd5 O-O 14.
c3 e6 15. Nf6+ Nxf6 16. exf6 Bxf6 17. Bxh6 Bg7 18. Bxg7 Kxg7 19. Bd3 Ne5 20. Qd2 Nxd3+ 21. Qxd3 d5 22. O-O-O Bd7 23. Ne5 Qe7 24. Rdf1 Qg5+ 25. Kb1 Qxe5 26. Ka1 f5 27. h4 Rf6 28. h5 Rh8 29. Re1 Qf4 30. Rh3 Kf7 31. Rf3 Qh4 32. Rfe3 Rxh5 0-1

[Event "*** Titled Tuesday Blitz"]
[Site "Chess.com"]
[Date "2020.04.14"]
[Round "7"]
[White "Gennady_Kozlov"]
[Black "Zmof"]
[Result "1-0"]
[WhiteElo "2586"]
[BlackElo "2325"]
[TimeControl "180+1"]
[EndTime "11:12:41 PDT"]
[Termination "Gennady_Kozlov won by resignation"]

1. b3 c5 2. Bb2 b6 3. e3 Bb7 4. f4 e6 5. Nf3 Nf6 6. Be2 Be7 7. O-O O-O 8. Qe1 d6 9. Qg3 Nbd7 10. d3 Ne8 11. Nbd2 Bf6 12. Bxf6 Qxf6 13. e4 e5 14. fxe5 Nxe5 15. Nh4 Qe6 16. Nf5 Kh8 17. Rf4 g6 18. Ne3 Ng7 19. Raf1 Rae8 20. Rf6 Qe7 21. Ndc4 Nxc4 22.
Nxc4 d5 23. Nd6 Nf5 24. R6xf5 gxf5 25. Nxe8 Rxe8 26. Rxf5 dxe4 27. Qf4 exd3 28. Rxf7 Qe3+ 29. Qxe3 Rxe3 30. Bxd3 Bd5 31. Rxh7+ Kg8 32. Rxa7 1-0

[Event "*** Titled Tuesday Blitz"]
[Site "Chess.com"]
[Date "2020.04.14"]
[Round "7"]
[White "DrBergerBerger"]
[Black "Keaton87"]
[Result "1-0"]
[WhiteElo "2527"]
[BlackElo "2658"]
[TimeControl "180+1"]
[EndTime "11:12:42 PDT"]
[Termination "DrBergerBerger won by resignation"]

1. e4 c5 2. Nc3 e6 3. Nge2 d5 4. exd5 exd5 5. d4 Nf6 6. g3 Be6 7. Bg2 Nc6 8. O-O c4 9. Bg5 Be7 10. Nf4 Qd7 11. Bxf6 Bxf6 12. Ncxd5 Bxd4 13. c3 Bc5 14. Nxe6 fxe6 15. Qh5+ Kf8 16. Nf4 Be7 17. Ng6+ Kg8 18.
Nxh8 Kxh8 19. Rad1 Qc7 20. Be4 h6 21. Qg6 Kg8 22.
Qxe6+ Kf8 23. Bh7 Bf6 24. Qg8+ Ke7 25. Rfe1+ Ne5 26. Qxa8 Qc6 27. Be4 1-0

[Event "*** Titled Tuesday Blitz"]
[Site "Chess.com"]
[Date "2020.04.14"]
[Round "7"]
[White "BilguunSu"]
[Black "EvgenyRomanov"]
[Result "1-0"]
[WhiteElo "2674"]
[BlackElo "2467"]
[TimeControl "180+1"]
[EndTime "11:12:42 PDT"]
[Termination "BilguunSu won by resignation"]

1. e4 e6 2. d4 d5 3. Nd2 Nc6 4. Ngf3 Nf6 5. e5 Nd7 6. c3 f6 7. Bb5 fxe5 8. dxe5 Be7 9. Bxc6 bxc6 10. Qa4 Nc5 11. Qg4 Nd3+ 12. Ke2 Ba6 13. c4 dxc4 14. Nxc4 Qd5 15. b3 O-O-O 16. Be3 h5 17. Qd4 Bxc4 18. Qxc4 Kb7 19. Rhd1 Qxc4 20. bxc4 Nc5 21. Rab1+ Ka6 22. Rxd8 Rxd8 23. Nd4 Na4 24. Rb3 1-0

[Event "*** Titled Tuesday Blitz"]
[Site "Chess.com"]
[Date "2020.04.14"]
[Round "7"]
[White "ClockworkKubrick"]
[Black "zurzan"]
[Result "1/2-1/2"]
[WhiteElo "2204"]
[BlackElo "1953"]
[TimeControl "180+1"]
[EndTime "11:12:43 PDT"]
[Termination "Game drawn by agreement"]

1. e4 Nf6 2. e5 Nd5 3. d4 d6 4. Nf3 g6 5. Be2 Bg7 6. O-O O-O 7. h3 Nc6 8. exd6 cxd6 9. c3 e5 10. dxe5 dxe5 11. Nbd2 Nf4 12. Nc4 Nxe2+ 13. Qxe2 f6 14. Be3 Be6 15. Rfd1 Qc7 16. Rd2 Rad8 17. Rad1 Rxd2 18.
Rxd2 Rd8 19. Rxd8+ Qxd8 20. Nfd2 f5 21. Bc5 b6 22. Ba3 e4 23. f3 Qd3 24. Qxd3 exd3 25.
Kf2 Ne5 26. Nxe5 Bxe5 27. Ke3 Bxa2 28. Kxd3 Bd5 29. Nc4 Bb8 30. Ne3 Bc6 31. Kd4 Kf7 32.
c4 Ke6 33. b4 Be5+ 34. Kd3 a6 35. Nc2 g5 36. Nd4+ Bxd4 37. Kxd4 h5 38. c5 bxc5+ 39. Kxc5 Bb5 40. g3 g4 41. hxg4 hxg4 42. fxg4 fxg4 43. Bc1 Kf5 44. Bf4 Ke4 45. Bc7 Kf3 46. Bf4 1/2-1/2

[Event "*** Titled Tuesday Blitz"]
[Site "Chess.com"]
[Date "2020.04.14"]
[Round "7"]
[White "KoustavChatterjee1"]
[Black "wonderfultime"]
[Result "0-1"]
[WhiteElo "2719"]
[BlackElo "2939"]
[TimeControl "180+1"]
[EndTime "11:12:47 PDT"]
[Termination "wonderfultime won by resignation"]

1. d4 d5 2. Nf3 Nf6 3. g3 Bf5 4. c4 c6 5. Qb3 Qb6 6. c5 Qc7 7.
Bf4 Qc8 8. Bg2 g6 9. O-O Bg7 10. Nc3 O-O 11. Qd1 Nbd7 12. b4 Ne4 13. Qb3 a5 14. a3 Re8 15. Rfd1 h6 16. Nxe4 Bxe4 17.
b5 g5 18. Be3 a4 19. Qb2 Nxc5 20. bxc6 bxc6 21. Rac1 Nb3 22. Rc3 Bxf3 23. Bxf3 e5 24. Bxd5 exd4 25. Rxc6 Qf5 0-1

[Event "*** Titled Tuesday Blitz"]
[Site "Chess.com"]
[Date "2020.04.14"]
[Round "7"]
[White "Igor_Lysyj"]
[Black "temiksmozg"]
[Result "1-0"]
[WhiteElo "2823"]
[BlackElo "2655"]
[TimeControl "180+1"]
[EndTime "11:12:47 PDT"]
[Termination "Igor_Lysyj won by resignation"]

1. d4 d5 2. c4 e6 3. Nf3 Nf6 4. g3 Bb4+ 5. Bd2 Be7 6. Bg2 O-O 7. O-O Nbd7 8. Qc2 c6 9. a3 a5 10. Bf4 Ne4 11. Nc3 f5 12. Rad1 g5 13. Bc1 h6 14.
Nxe4 fxe4 15. Ne1 Bf6 16. f3 exf3 17. Nxf3 Bg7 18. e4 Nf6 19. e5 Ne4 20. Nd2 Nxd2 21. Bxd2 Bd7 22. b4 axb4 23. Bxb4 Rxf1+ 24. Rxf1 Be8 25. Bh3 Qd7 26. Bd6 Bh5 27. cxd5 cxd5 28. Rc1 g4 29. Bf1 Qa4 30. Qxa4 Rxa4 31. Rc8+ Kh7 32.
Bb4 Bg6 33. Bb5 Ra7 34. a4 h5 35. a5 Bh6 36. Kf2 Bf5 37. Rc7+ Kg6 38. a6 Rxa6 39. Be8+ 1-0

[Event "*** Titled Tuesday Blitz"]
[Site "Chess.com"]
[Date "2020.04.14"]
[Round "7"]
[White "MrChampion_Coach"]
[Black "MarcoCorvi"]
[Result "1-0"]
[WhiteElo "2332"]
[BlackElo "2139"]
[TimeControl "180+1"]
[EndTime "11:12:47 PDT"]
[Termination "MrChampion_Coach won by resignation"]

1. e4 Nf6 2. d3 e5 3. Nf3 Nc6 4. Nc3 d5 5. exd5 Nxd5 6. g3 Bb4 7. Bd2 Bxc3 8. bxc3 O-O 9. Bg2 Bg4 10. O-O Qd7 11. Qe1 Rae8 12. c4 Nf6 13. Ng5 h6 14.
Ne4 Nxe4 15. Qxe4 Kh8 16. Bc3 f5 17. Qd5 Qxd5 18. Bxd5 e4 19. Rfe1 Bf3 20. Rab1 Nd8 21. c5 c6 22. Bc4 Re7 23. Re3 Rfe8 24. Rbe1 Kh7 25. h3 g5 26. dxe4 fxe4 27. Bf6 Re6 28. Bxd8 Rxd8 29. Bxe6 1-0

[Event "*** Titled Tuesday Blitz"]
[Site "Chess.com"]
[Date "2020.04.14"]
[Round "7"]
[White "Ziyamammadov"]
[Black "flavicol64"]
[Result "0-1"]
[WhiteElo "1794"]
[BlackElo "2275"]
[TimeControl "180+1"]
[EndTime "11:12:48 PDT"]
[Termination "flavicol64 won by resignation"]

1. e4 c5 2. Nf3 Nc6 3. d4 cxd4 4.
Nxd4 e6 5. Nc3 Bb4 6. f3 Nf6 7. Be3 d5 8. Qd2 dxe4 9. Bb5 Bd7 10. O-O-O exf3 11. gxf3 Nd5 12. Qd3 Bxc3 13. bxc3 Qa5 14.
Bxc6 Qa3+ 15. Kd2 bxc6 16. Rb1 c5 17. Nb3 Rc8 18. Nxc5 Rxc5 19. Bxc5 Qxc5 20. Rb8+ Bc8 21. Re1 O-O 22. Rb5 Qf2+ 23. Re2 Qg1 24. c4 Nf4 25. Re1 Qxh2+ 26. Re2 Nxe2 27. Qxe2 Rd8+ 28. Ke3 Qh6+ 29. f4 Ba6 30. Rb4 Qh3+ 31. Kf2 h5 32.
Ke1 Qg3+ 33. Qf2 Rd1+ 34. Kxd1 Qxf2 35. Rb8+ Kh7 36. Ra8 h4 37. Rd8 h3 0-1

[Event "*** Titled Tuesday Blitz"]
[Site "Chess.com"]
[Date "2020.04.14"]
[Round "7"]
[White "theprosecution1"]
[Black "johnathan113"]
[Result "1-0"]
[WhiteElo "2810"]
[BlackElo "2650"]
[TimeControl "180+1"]
[EndTime "11:12:50 PDT"]
[Termination "theprosecution1 won on time"]

1. e4 g6 2. d4 Nf6 3. e5 Nh5 4. Nf3 d6 5. exd6 cxd6 6. Be2 Bg7 7. O-O O-O 8. h3 d5 9. Be3 Nc6 10. Re1 e5 11. dxe5 Nxe5 12. Nxe5 Bxe5 13. Bxh5 Bxb2 14. Bd4 Bxa1 15. Bxa1 gxh5 16. Qxh5 f6 17. Nc3 Rf7 18.
Nxd5 Bd7 19. Qh6 Qa5 20. Ne7+ 1-0

[Event "*** Titled Tuesday Blitz"]
[Site "Chess.com"]
[Date "2020.04.14"]
[Round "7"]
[White "Kavyev_Ruslan"]
[Black "fmshawnrl123"]
[Result "0-1"]
[WhiteElo "2550"]
[BlackElo "2774"]
[TimeControl "180+1"]
[EndTime "11:12:50 PDT"]
[Termination "fmshawnrl123 won by resignation"]

1. d4 Nf6 2. c4 e6 3. Nf3 d5 4. g3 Be7 5. Bg2 O-O 6. Nc3 dxc4 7. Ne5 c5 8. dxc5 Qxd1+ 9. Nxd1 Bxc5 10. Ne3 Bb4+ 11.
Bd2 Bxd2+ 12. Kxd2 Rd8+ 13. Kc2 Na6 14. Rad1 Rxd1 15.
Rxd1 Kf8 16. N3xc4 Ke7 17. a3 Nc5 18. Nd6 Bd7 19.
Nxd7 Nfxd7 20. b4 Na4 21. Bxb7 Rd8 22. Bc6 Nab6 23. Nb5 Rc8 24. Nxa7 Rc7 25. a4 Rxa7 26. a5 Rc7 27. b5 Nc4 28. Rxd7+ Rxd7 29. Bxd7 Kxd7 30.
a6 Na3+ 0-1

[Event "*** Titled Tuesday Blitz"]
[Site "Chess.com"]
[Date "2020.04.14"]
[Round "7"]
[White "hitaman"]
[Black "atbenina64"]
[Result "1-0"]
[WhiteElo "2676"]
[BlackElo "2513"]
[TimeControl "180+1"]
[EndTime "11:12:50 PDT"]
[Termination "hitaman won by resignation"]

1. e4 c6 2. d4 d5 3. e5 Bf5 4. h4 h5 5. Bd3 Bxd3 6. Qxd3 Qa5+ 7. Bd2 Qa6 8. e6 Qxd3 9. exf7+ Kxf7 10. cxd3 Nd7 11.
Nf3 g6 12. Bc3 Nh6 13. Nbd2 Nf5 14. O-O Bh6 15. Rfe1 Rhf8 16. g3 Kg8 17. Kg2 Rae8 18. Re6 Kg7 19. Rae1 Nf6 20. Nb3 Ng4 21. Nc5 Rb8 22.
Nd7 Rbd8 23. Nxf8 Rxf8 24. Bb4 Rf7 25. Bxe7 Nxd4 26. Nxd4 Rxf2+ 27. Kg1 Bd2 28. R1e2 1-0